 Dungeon Crawl Stone Soup version 0.16-a0-321-g9a421ca (webtiles) character file.

51 PolkaDot the Caller (level 3, -2/24 HPs)
             Began as a Vampire Summoner on Sept 2, 2014.
             Slain by an adder (3 damage)
             ... on Level 2 of the Dungeon.
             The game lasted 00:04:56 (1235 turns).

PolkaDot the Caller (Vampire Summoner)              Turns: 1235, Time: 00:04:57

HP  -2/24        AC  2     Str  7      XL: 3   Next: 58%
MP   2/6         EV 12     Int 18      God:
Gold 48          SH  0     Dex 14      Spells:  1 memorised,  5 levels left

rFire  . . .     SeeInvis +     k - +1 dagger (speed)
rCold  . . .     Clarity  .     a - +0 robe
rNeg   . . .     rCorr    .     (no shield)
rPois  .         rRot     .     (no helmet)
rElec  .         Spirit   .     (no cloak)
SustAb .         Warding  .     (no gloves)
rMut   .         Stasis   .     (no boots)
Gourm  .                        (no amulet)
MR     .....                    (no ring)
                                (no ring)

@: lethally poisoned, regenerating quickly, not resistant to hostile
enchantments, unstealthy
A: fangs 3, see invisible, unbreathing
a: no special abilities


You were on level 2 of the Dungeon.
You were very full.

You visited 1 branch of the dungeon, and saw 2 of its levels.

You collected 48 gold pieces.

Inventory:

Hand weapons
 e - a +0 dagger
 k - a +1 dagger of speed (weapon)
Armour
 a - a +0 robe (worn)
Scrolls
 c - a scroll of magic mapping {unknown}
 h - a scroll of identify {unknown}
 i - a scroll of enchant armour {unknown}
Potions
 d - a potion of lignification {unknown}
 f - a potion of might {unknown}
 g - a potion of confusion {unknown}
 j - a potion of poison {unknown}
Books
 b - a book of Callings

   Spells                             Type                      Level
   *Summon Small Mammal               Summoning                    1
   Call Imp                           Summoning                    2
   Call Canine Familiar               Summoning                    3
   Summon Guardian Golem              Hexes/Summoning              4
   Summon Lightning Spire             Summoning/Air                4
   Summon Ice Beast                   Ice/Summoning                4


   Skills:
 - Level 2.1 Dodging
 - Level 3.0 Stealth
 - Level 2.0 Spellcasting
 * Level 5.3 Summonings


You had 5 spell levels left.
You knew the following spells:

 Your Spells              Type           Power        Failure   Level  Hunger
a - Summon Small Mammal   Summ           ###.         1%          1    #......


Dungeon Overview and Level Annotations

Branches:
Dungeon (2/15)

Altars:


Innate Abilities, Weirdness & Mutations

Your natural rate of healing is unusually fast.
You have razor-sharp teeth.
You have supernaturally acute eyesight.
You can survive without breathing.


Message History

You hit Ijyb.
You kill Ijyb!
You swap places.
Things that are here:
a runed dagger; a leather armour
k - a runed dagger An adder comes into view.
Wield which item (- for none, * to show all)? (? for menu, Esc to quit)
Your hands tingle!
k - a +1 dagger of speed (weapon)
Your rat disappears in a puff of smoke!
The adder closely misses you.
You closely miss the adder. The adder bites you.
* * * LOW HITPOINT WARNING * * *
You are lethally poisoned!
The adder poisons you!
You hit the adder but do no damage.
* * * LOW HITPOINT WARNING * * *
You feel sick. The adder bites you.
You die...

#.. ##.#... ...#...
###..#..#
.........######
................
................
........rS.....#
........b@# ....#
........r.##....#
.......ยง..##..%.#
..........!....#####
.........#.........
................###
#####..##.......#
#..##.......#
######...........#


You could see an adder, a friendly quokka, a friendly bat and a friendly rat.

Vanquished Creatures
  Ijyb (D:2)
  A giant gecko (D:2)
  A ball python (D:1)
  2 bats (D:1)
  2 giant cockroaches (D:1)
  4 goblins
  4 hobgoblins
  A jackal (D:1)
  3 kobolds (D:1)
  2 giant newts (D:1)
  3 rats
24 creatures vanquished.

Vanquished Creatures (collateral kills)
  An adder (D:2)
  A giant gecko (D:1)
  A goblin (D:1)
  2 hobgoblins
  A jackal (D:1)
  A kobold (D:2)
  A rat (D:2)
8 creatures vanquished.

Vanquished Creatures (others)
  A bat (D:2)
  A quokka (D:2)
  2 rats (D:1)
4 creatures vanquished.

Grand Total: 36 creatures vanquished

Notes
Turn   | Place    | Note
--------------------------------------------------------------
     0 | D:1      | PolkaDot, the Vampire Summoner, began the quest for the Orb.
     0 | D:1      | Reached XP level 1. HP: 13/13 MP: 3/3
   222 | D:1      | Reached XP level 2. HP: 16/19 MP: 0/4
   992 | D:2      | Reached skill level 5 in Summonings
  1006 | D:2      | Reached XP level 3. HP: 13/24 MP: 0/6
  1205 | D:2      | Noticed Ijyb
  1229 | D:2      | Killed Ijyb
  1234 | D:2      | HP: 1/24 [adder (4)]
  1235 | D:2      | Slain by an adder

Action                   || total
-------------------------++-------
Melee: Unarmed           ||    49
       Dagger            ||    89
       Club              ||     5
 Cast: Summon Small Mamm ||    25
  Use: Potion            ||     1
 Stab: Distracted        ||     2
  Eat: Corpse            ||    12
